 Dungeon Crawl Stone Soup version 0.29-a0-321-gf1c400731a (webtiles) character file.

Game seed: 3598323697412098079

209 Dabor the Insei (level 5, 0/76 HPs)
             Began as an Octopode Transmuter on Apr 3, 2022.
             Succumbed to an adder's poison
             ... in a sewer.
             The game lasted 00:07:19 (2732 turns).

Dabor the Insei (Octopode Transmuter)               Turns: 2732, Time: 00:07:20

Health: 0/76       AC: 22    Str: 10    XL:     5   Next: 87%
Magic:  8/8        EV:  2    Int: 15    God:
Gold:   105        SH:  0    Dex: 14    Spells: 3/9 levels left

rFire   . . .      SeeInvis .   b - +2 dagger (elec)
rCold   . . .      Faith    .   (no shield)
rNeg    . . .      Spirit   .   (helmet currently unavailable)
rPois   +          Reflect  .   (no amulet)
rElec   .          Harm     .   (no ring)
rCorr   .          Rampage  .   (no ring)
Will    .....      NoTele   +   (no ring)
Stlth   ..........              (no ring)
HPRegen 0.22/turn               (no ring)
MPRegen 0.11/turn               (no ring)
                                (no ring)
                                (no ring)

@: berserking, lethally poisoned (0 -> -4), tree-form, very quick
A: stationary, stasis, torment immunity, boosted hp, almost no armour,
(amphibious), 8 rings, (camouflage 1), (gelatinous body 1), (nimble swimmer 1),
(tentacles)
a: no special abilities


You were in a sewer.
You were a tree.
You visited 1 branch of the dungeon, and saw 3 of its levels.
You also visited: Sewer.

You collected 147 gold pieces.
You spent 42 gold pieces at shops.

Inventory:

Hand Weapons
 b - a +2 dagger of electrocution (weapon)
Scrolls
 c - a scroll of identify
Potions
 a - a potion of lignification
 d - a potion of berserk rage
 e - 2 potions of might {unknown}
 f - 2 potions of heal wounds {unknown}
 g - 2 potions of mutation {unknown}
 h - 2 potions of brilliance {unknown}
 k - a potion of flight {unknown}


   Skills:
 + Level 2.3 Fighting
 + Level 2.9 Dodging
 + Level 2.4 Stealth
 + Level 3.7 Unarmed Combat
 + Level 2.6 Spellcasting
 + Level 2.8 Transmutations
 + Level 2.0 Poison Magic


You had 3 spell levels left.
You knew the following spells:

 Your Spells              Type           Power      Damage    Failure   Level
a - Beastly Appendage     Tmut           20%        N/A       7%          1
b - Wereblood             Tmut           10%        N/A       10%         2
c - Spider Form           Tmut/Pois      9%         N/A       24%         3

Your spell library contained the following spells:

 Spells                   Type           Power      Damage    Failure   Level
 Gell's Gravitas          Tloc           1%         N/A       54%         3
 Lesser Beckoning         Tloc           1%         N/A       54%         3
 Teleport Other           Tloc           1%         N/A       54%         3
 Ice Form                 Ice/Tmut       6%         N/A       75%         4


Dungeon Overview and Level Annotations

Branches:
Dungeon (3/15)              Sewer (1/1)

Altars:
Beogh

Shops:
D:2 !


Innate Abilities, Weirdness & Mutations

You are a tree.
Your roots penetrate the ground, keeping you stationary.
You cannot be teleported.
You are immune to unholy pain and torment.
Your maximum health is greatly increased.
You cannot wear most types of armour.
((You are amphibious.))
You can wear up to eight rings at the same time.
((Your skin changes colour to match your surroundings (Stealth+).))
((Your rubbery body absorbs attacks. (AC +1, EV +1)))
((You are camouflaged when in or above water. (Stealth+)))
((You have tentacles for arms and can constrict up to eight enemies at once.))


Message History

Your primal bloodlust is almost over.
You howl as the wereblood boils in your veins!
You howl as the wereblood boils in your veins!
The bullfrog attacks as you move away! The bullfrog hits you.
There is an open door here.
The bullfrog attacks as you move away! The bullfrog barely misses you.
The bullfrog hits you.
* * * LOW HITPOINT WARNING * * *
You see here a scroll of noise.
Really quaff the potion of lignification?
You turn into a tree.
Your roots penetrate the ground.
Your primal bloodlust has ended.
The bullfrog hits you but does no damage.
You barely miss the bullfrog. The bullfrog hits you.
* * * LOW HITPOINT WARNING * * *
You hit the adder.
The adder is severely wounded.
The bullfrog hits you.
* * * LOW HITPOINT WARNING * * *
The adder bites you but does no damage.
You closely miss the adder. You punch the adder.
The adder is severely wounded.
The bullfrog hits you but does no damage.
The adder bites you.
* * * LOW HITPOINT WARNING * * *
You are poisoned.
The adder poisons you! The bullfrog hits you.
* * * LOW HITPOINT WARNING * * *
It was a potion of berserk rage.
A red film seems to cover your vision as you go berserk!
You feel yourself moving faster!
You feel mighty!
You feel sick. The adder bites you but does no damage.
The bullfrog hits you but does no damage.
You hit the adder. Your punch misses the adder.
The adder is almost dead.
You feel sick. The adder bites you but does no damage. The bullfrog hits you.
* * * LOW HITPOINT WARNING * * *
You puncture the adder!
You kill the adder!
You die...

≈≈≈≈≈≈≈≈[.≈≈≈††.....#
≈≈≈≈≈≈≈≈[.≈≈≈≈†≈....#
≈≈≈≈≈≈≈≈≈≈≈≈≈††.....##
≈≈≈≈≈≈≈≈≈≈≈≈≈≈≈......#
#################....#
##...## #####...#
#.F†....# #.♣#....#
####S..##
################....#
≈≈≈≈≈≈≈≈≈≈≈≈≈≈......#
≈≈S≈l≈S§≈≈≈≈≈≈.....##
≈≈≈≈S≈≈≈≈≈≈≈≈≈≈....#
≈≈S≈≈≈≈#≈≈≈≈≈≈≈....#
≈≈≈#≈..≈#≈≈≈≈≈....##
≈≈≈≈≈≈≈≈≈≈≈≈≈≈..###


You could see a bullfrog.

Vanquished Creatures
  4 gnolls
  6 adders
  3 river rats (Sewer)
  A worm (D:3)
  2 dart slugs (D:1)
  5 orcs (D:2)
  11 ball pythons
  6 endoplasms
  5 giant cockroaches
  5 goblins (D:2)
  5 hobgoblins (D:2)
  2 quokkas
  5 bats
  2 frilled lizards
  6 kobolds
  28 rats
96 creatures vanquished.

Notes
Turn   | Place    | Note
-------+----------+-------------------------------------------
     0 | D:1      | Dabor the Octopode Transmuter began the quest for the Orb.
     0 | D:1      | Reached XP level 1. HP: 13/13 MP: 3/3
   190 | D:1      | Reached XP level 2. HP: 14/18 MP: 5/5
   194 | D:1      | Learned a level 2 spell: Wereblood
   700 | D:1      | Found a faded altar of an unknown god.
   760 | D:2      | Reached XP level 3. HP: 23/23 MP: 2/6
   768 | D:1      | Reached skill level 1 in Stealth
   768 | D:1      | Reached skill level 1 in Poison Magic
   781 | D:1      | Learned a level 3 spell: Spider Form
   846 | D:2      | Reached XP level 4. HP: 26/29 MP: 4/7
  1580 | D:2      | Found Isikusum's Distillery.
  1588 | D:2      | Bought a potion of curing for 42 gold pieces
  2266 | D:3      | Reached XP level 5. HP: 33/33 MP: 6/8
  2269 | D:3      | Found a glowing drain.
  2275 | Sewer    | Entered a sewer
  2731 | Sewer    | HP: 1/76 [bullfrog (6)]
  2732 | Sewer    | Succumbed to an adder's poison

Illustrated notes

Levels and vault maps discovered:
D:1:      dreamdust_arrival_beginning_and_end, layout_rooms,
          hellmonk_ecumenical_altar_defaced_shrine
D:2:      layout_loops_ring, serial_shops, nicolae_shop_stone,
          kennysheep_cluttered_room
D:3:      layout_basic, gup_sewer_entry_bubbles, chequers_serial_rivers_marsh
Sewer:    sewer_minmay_w

Skill      XL: |  1  2  3  4  5 |
---------------+----------------+-----
Stealth        | 1 2 |  2.4
Poison Magic   | 1 2 |  2.0
Fighting       | 2 |  2.3
Dodging        | |  2.9
Unarmed Combat | |  3.7
Spellcasting   | |  2.6
Transmutations | |  2.8

Action                   |  1- 3 |  4- 6 || total
-------------------------+-------+-------++-------
Melee: Unarmed           |    16 |     2 ||    18
       Dagger            |    30 |   122 ||   152
       Constrict         |    11 |    38 ||    49
       Tentacles         |     7 |    14 ||    21
       Kick              |     5 |    15 ||    20
       Punch             |       |     5 ||     5
 Cast: Beastly Appendage |     2 |     8 ||    10
       Wereblood         |     1 |     8 ||     9
       Spider Form       |     1 |     1 ||     2
  Use: Scroll            |       |     5 ||     5
       Potion            |       |     4 ||     4
 Stab: Sleeping          |     4 |     7 ||    11
Armor: Skin              |     8 |    13 ||    21
Dodge: Dodged            |    31 |    77 ||   108

Table legend: (Time is in decaauts)
 A = Elapsed time spent in this place.
 B = Non-inter-level travel time spent in this place.
 C = Inter-level travel time spent in this place.
 D = Time resting spent in this place.
 E = Time spent auto-exploring this place.
 F = Levels seen in this place.
 G = Mean time per level.
                   A        B        C        D        E       F      G
               +--------+--------+--------+--------+--------+-----+--------+
         Total |   2732 |   2535 |    197 |    361 |   1430 |   4 |  683.0 |
       Dungeon |   2275 |   2078 |    197 |    226 |   1302 |   3 |  758.3 |
         Sewer |    456 |    456 |      0 |    135 |    128 |   1 |  456.0 |
               +--------+--------+--------+--------+--------+-----+--------+

Top non-repeatable levels by time:
     D:1: 993 daAuts
     D:2: 954 daAuts
   Sewer: 456 daAuts
     D:3: 328 daAuts
